 Dungeon Crawl Stone Soup version 0.31.0-9-g3a7656b989 (webtiles) character file.

Game seed: 16540490626294973939

46 qw the Shooter (level 3, 0/20 HPs)
             Began as a Deep Elf Hunter on Feb 2, 2024.
             Slain by a hobgoblin (5 damage)
             ... led by Robin
             ... on level 2 of the Dungeon.
             The game lasted 00:00:04 (1099 turns).

qw the Shooter (Deep Elf Hunter)                    Turns: 1099, Time: 00:00:04

Health: 0/20       AC:  6    Str: 10    XL:     3   Next: 46%
Magic:  5/5        EV: 11    Int: 13    God:
Gold:   36         SH:  0    Dex: 18    Spells: 2/2 levels left

rFire   . . .        a - +0 shortbow
rCold   . . .        (shield currently unavailable)
rNeg    . . .        l - +0 ring mail
rPois   .            (no helmet)
rElec   .            (no cloak)
rCorr   .            n - +0 pair of gloves
SInv    .            (no boots)
Will    .....        (no amulet)
Stlth   +            (no ring)
HPRegen 0.23/turn    (no ring)
MPRegen 0.09/turn

%: no passive effects
@: no status effects
A: no striking features
a: no special abilities


You were on level 2 of the Dungeon.
You visited 1 branch of the dungeon, and saw 2 of its levels.

You collected 36 gold pieces.


   Skills:
 - Level 1.5 Fighting
 + Level 7.0 Ranged Weapons
 - Level 2.4 Dodging
 - Level 1.2 Stealth


You had 2 spell levels left.
You didn't know any spells.
Your spell library was empty.

Inventory:

Hand Weapons
 a - a +0 shortbow (weapon)
Armour
 l - a +0 ring mail (worn)
 n - a +0 pair of gloves (worn)
Potions
 g - a potion of attraction {unknown}
 i - a potion of enlightenment
 j - a potion of cancellation
 m - 2 potions of curing {unknown}

Dungeon Overview and Level Annotations

Branches:
Dungeon (2/15)

Altars:

Annotations:
D:2 Robin


Message History

The goblin hits you but does no damage. The adder closely misses you.
Robin says, "My army is invincible!"
You shoot an arrow. The arrow closely misses the adder.
The adder barely misses you. The goblin closely misses you.
A goblin comes into view. It is wielding a +0 dagger.
The adder bites you.
You are poisoned.
The adder poisons you!
You shoot an arrow. The arrow hits the adder.
You kill the adder!
You feel sick. The hobgoblin closely misses you.
The hobgoblin barely misses you.
The goblin hits you but does no damage. x2
The hobgoblin hits you but does no damage.
The goblin hits you but does no damage.
Your Ranged Weapons skill increases to level 7!
You shoot an arrow. The arrow closely misses the goblin.
You feel sick. The goblin hits you but does no damage.
The hobgoblin barely misses you. The goblin hits you but does no damage.
You shoot an arrow. The arrow hits the goblin.
You kill the goblin!
You feel sick.
The hobgoblin hits you but does no damage.
The goblin hits you with a +0 dagger. The hobgoblin hits you.
The goblin barely misses you.
Robin roars a battlecry!
The goblins go into a battle-frenzy!
You shoot an arrow. The arrow hits the goblin.
The goblin is heavily wounded.
You feel sick.
You are no longer poisoned.
The hobgoblin barely misses you. The goblin closely misses you.
The goblin hits you but does no damage. x3; The hobgoblin barely misses you.
You shoot an arrow. The arrow barely misses the goblin.
The hobgoblin completely misses you.
The goblin hits you but does no damage. x2
The goblin closely misses you. The hobgoblin hits you.
The goblin barely misses you.
The hobgoblin hits you but does no damage.
The goblin hits you with a +0 dagger. The goblin closely misses you. x2
The goblin hits you but does no damage. The hobgoblin hits you.
You die...

#.....#..
.#[.....(#
$......>.#
.........#
.(....!..#
#....ggg.#
#....gggg#
#..)ggg@g#
#.#.#[#g.##########
# #...........#
#.#.......#.
#...###.#.#
#..<...[..#
###....####
.........
########..


You could see Robin, 3 hobgoblins and 8 goblins.

Vanquished Creatures
  An adder (D:2)
  A dart slug (D:1)
  4 endoplasms
  3 giant cockroaches (D:1)
  3 goblins
  3 hobgoblins (D:1)
  2 jackals (D:1)
  2 quokkas (D:1)
  2 ball pythons (D:1)
  3 bats
  3 frilled lizards (D:1)
  3 kobolds (D:1)
  2 rats (D:1)
32 creatures vanquished.

Notes
Turn   | Place    | Note
-------+----------+-------------------------------------------
     0 | D:1      | qw the Deep Elf Hunter began the quest for the Orb.
     0 | D:1      | Reached XP level 1. HP: 12/12 MP: 3/3
     0 | D:1      | 0 ||| qw: Version: 0.3-a-155-g5e7d8dd
     0 | D:1      | 0 ||| qw: Game counter: 2581
     0 | D:1      | 0 ||| qw: Melee chars always use a shield: true
     0 | D:1      | 0 ||| qw: God list: Okawaru
     0 | D:1      | 0 ||| qw: Allow faded altars: false
     0 | D:1      | 0 ||| qw: Do Orc after clearing Dungeon:15 true
     0 | D:1      | 0 ||| qw: Do second Lair branch before Depths: true
     0 | D:1      | 0 ||| qw: Lair rune preference: random
     0 | D:1      | 0 ||| qw: Goals: Normal
     0 | D:1      | 0 ||| PLANNING D:1-11
   189 | D:1      | Reached XP level 2. HP: 16/16 MP: 4/4
   198 | D:1      | Reached skill level 6 in Ranged Weapons
   593 | D:1      | Reached XP level 3. HP: 20/20 MP: 5/5
   915 | D:1      | 915 ||| UPGRADING to +0 ring mail.
   925 | D:1      | 925 ||| DROPPING +0 leather armour.
   926 | D:1      | 926 ||| UPGRADING to +0 pair of gloves.
   931 | D:1      | 931 ||| DROPPING ring of magical power.
   932 | D:1      | 932 ||| READING 2 scrolls labelled CAENONWI UPOP.
   933 | D:1      | 933 ||| READING scroll labelled VIVUOX WEJO.
   934 | D:1      | 934 ||| READING scroll labelled BALUENLILU.
  1035 | D:1      | 1035 ||| READING scroll labelled TIOKAQE ULIUSK.
  1036 | D:1      | 1036 ||| DRINKING 2 bubbling yellow potions.
  1037 | D:1      | 1037 ||| DRINKING 2 grey potions.
  1038 | D:1      | 1038 ||| DROPPING scroll of butterflies.
  1039 | D:1      | 1039 ||| DROPPING scroll of blinking.
  1091 | D:2      | Noticed Robin
  1096 | D:2      | Reached skill level 7 in Ranged Weapons
  1099 | D:2      | HP: 5/20 [goblin/+0 dagger[Robin] (2)]
  1099 | D:2      | Slain by a hobgoblin

Levels and vault maps discovered:
D:1:      kilobyte_arrival_exit_the_forest, layout_loops_ring,
          chequers_decorated_corner
D:2:      layout_basic, minmay_quadrilaterals, uniq_robin, uniq_terence

Skill      XL: |  1  2  3 |
---------------+----------+-----
Ranged Weapons | 6 7 |  7.0
Fighting       | |  1.5
Dodging        | |  2.4
Stealth        | |  1.2

Action                     || total
---------------------------++-------
   Fire: Shortbow          ||    87
    Use: Scroll            ||     4
         Potion            ||     2
 Armour: Leather armour    ||    13
         Ring mail         ||    25
  Dodge: Dodged            ||    41

Table legend:
 A = Non-vault XP
 B = Vault XP
 C = Vault XP percentage of total XP
 D = Non-vault monster count
 E = Vault monster count
 F = Vault count percentage of total count
                 A         B        C        D         E       F
            +---------+---------+-------+---------+---------+-------
      Total |      65 |       2 |   3.0 |      31 |       1 |   3.1
            +---------+---------+-------+---------+---------+-------
        D:1 |      48 |       0 |   0.0 |      28 |       0 |   0.0
        D:2 |      17 |       2 |  10.5 |       3 |       1 |  25.0
            +---------+---------+-------+---------+---------+-------
